 Dungeon Crawl Stone Soup version 0.20-a0-502-g555d78b (webtiles) character file.

31 M4edhros the Sneak (level 3, -6/23 HPs)
             Began as an Octopode Artificer on Jan 20, 2017.
             Killed by divine providence
             ... invoked by an orc priest
              (11 damage)
             ... on level 3 of the Dungeon.
             The game lasted 00:00:46 (778 turns).

M4edhros the Sneak (Octopode Artificer)              Turns: 778, Time: 00:00:46

Health: -6/23      AC:  1    Str: 11    XL:     3   Next: 22%
Magic:  5/5        EV: 13    Int: 13    God:
Gold:   33         SH:  0    Dex: 13    Spells: 2/2 levels left

rFire    . . .     SeeInvis .   a - +0 short sword
rCold    . . .     Gourm    .   (no shield)
rNeg     . . .     Faith    .   (helmet restricted)
rPois    .         Spirit   .   (no amulet)
rElec    .         Reflect  .   (no ring)
rCorr    .         Harm     .   (no ring)
MR       .....                  (no ring)
Stlth    ++++......             (no ring)
Regen    0.1/turn               (no ring)
                                (no ring)
                                (no ring)
                                (no ring)

@: no status effects
A: almost no armour, stealthy swim, amphibious, 8 rings, constrict 8, camouflage
1, gelatinous body 1
a: no special abilities


You were on level 3 of the Dungeon.
You were not hungry.

You visited 1 branch of the dungeon, and saw 3 of its levels.

You collected 33 gold pieces.

Inventory:

Hand Weapons
 a - a +0 short sword (weapon)
Missiles
 g - 40 sling bullets
 h - 26 stones (quivered)
Wands
 b - a wand of flame (10/48)
 c - a wand of enslavement (15/24)
 d - a wand of random effects (15/48)
Scrolls
 e - a scroll of amnesia {unknown}
 j - 2 scrolls of remove curse {unknown}
Potions
 i - a potion of haste {unknown}
Comestibles
 f - a bread ration


   Skills:
 - Level 1.0 Fighting
 - Level 1.0 Short Blades
 - Level 2.0 Dodging
 + Level 4.4 Stealth
 - Level 3.2 Evocations


You had 2 spell levels left.
You didn't know any spells.

Dungeon Overview and Level Annotations

Branches:
Dungeon (3/15)

Altars:


Innate Abilities, Weirdness & Mutations

You cannot wear most types of armour.
You are very stealthy in the water. (Stealth+)
You are amphibious.
You can wear up to eight rings at the same time.
You can use your tentacles to constrict eight enemies at once.
Your skin changes colour to match your surroundings (Stealth+).
Your rubbery body absorbs attacks. (AC +1, EV +1)


Message History

You hit the orc. Your grab misses the orc. Your squeeze misses the orc.
The orc is moderately wounded.
You hit the orc but do no damage. You grab the orc.
The orc is moderately wounded.
You constrict the orc. The orc hits you with a hand axe.
You hit the orc.
You kill the orc!
You barely miss the orc. You grab the orc.
You constrict the orc, but do no damage.
The orc barely misses you.
You hit the orc.
The orc is severely wounded.
You constrict the orc.
You kill the orc!
The orc priest calls down the wrath of Beogh upon you.
Beogh smites you!
* * * LOW HITPOINT WARNING * * *
The orc priest invokes the aid of Beogh against you.
Beogh smites you!
You die...

#+# ####.# ###....#
.....#.## #.....##
##.####......#######.#
..............@ooo...#
.####..#.###########
#.####..#.#
#.......#.#
######....# ####.# #.#
######## #.# #......#
## #.#########.####.#


You could see an orc priest and 2 orcs.

Vanquished Creatures
  An adder (D:2)
  2 orcs (D:3)
  5 hobgoblins (D:1)
  3 kobolds (D:1)
  3 bats
  3 goblins
  2 rats
19 creatures vanquished.

Notes
Turn   | Place    | Note
-------+----------+-------------------------------------------
     0 | D:1      | M4edhros the Octopode Artificer began the quest for the Orb.
     0 | D:1      | Reached XP level 1. HP: 13/13 MP: 3/3
    85 | D:1      | Reached skill level 2 in Stealth
   161 | D:1      | Reached skill level 3 in Stealth
   161 | D:1      | Reached XP level 2. HP: 17/18 MP: 4/4
   371 | D:2      | Reached skill level 4 in Stealth
   371 | D:2      | Reached XP level 3. HP: 12/23 MP: 5/5
   778 | D:3      | Killed from afar by an orc priest

Vault maps used:
D:1:      nicolae_arrival_somewhat_less_tricky_arrival, st_stairs_3
D:3:      grunt_temple_overflow_octagram, nemelex_diamond_rough_becter,
          uniq_natasha

Skill      XL: |  1  2 |
---------------+-------+-----
Stealth        | 3 4 |  4.4
Fighting       | |  1.0
Short Blades   | |  1.0
Dodging        | |  2.0
Evocations     | |  3.2

Action                   || total
-------------------------++-------
Melee: Short sword       ||    33
       Constrict         ||    11
       Tentacles         ||     3
Evoke: Wand              ||     5
 Stab: Sleeping          ||     1
Armor: Skin              ||     2
Dodge: Dodged            ||    27
